 Dungeon Crawl Stone Soup version 0.26.1-11-gd32895ea62 (webtiles) character file.

Game seed: 9561671351752788424

3 Groucho the Sneak (level 1, 0/7 HPs)
             Began as a Felid Air Elementalist on July 26, 2021.
             Slain by an ooze (4 damage)
             ... on level 1 of the Dungeon.
             The game lasted 00:00:22 (68 turns).

Groucho the Sneak (Felid Air Elementalist)            Turns: 68, Time: 00:00:22

Health: 0/7        AC:  1    Str:  4    XL:     1   Next: 41%
Magic:  4/4        EV: 18    Int: 16    God:
Gold:   20         SH:  0    Dex: 16    Spells: 3/4 levels left
                                        Lives:  0   Deaths: 0

rFire    . . .     SeeInvis +   (weapon unavailable)
rCold    . . .     Faith    .   (shield unavailable)
rNeg     . . .     Spirit   .   (armour unavailable)
rPois    .         Reflect  .   (helmet unavailable)
rElec    .         Harm     .   (cloak unavailable)
rCorr    .         Rampage  .   (gloves unavailable)
Will     .....                  (boots unavailable)
Stlth    +++.......             (no amulet)
HPRegen  0.02/turn              (no ring)
MPRegen  0.09/turn              (no ring)

@: quick
A: very small, no armour, no weapons or thrown items, stealth, claws 1, fangs 3,
see invisible, speed 1, shaggy fur 1, sharp paws
a: no special abilities


You were on level 1 of the Dungeon.
You visited 1 branch of the dungeon, and saw 1 of its levels.

You collected 20 gold pieces.

Inventory:

Potions
 a - a potion of brilliance {unknown}
 b - a potion of might {unknown}


   Skills:
 - Level 2.6 Dodging
 * Level 2.9 Stealth
 + Level 2.0 Spellcasting
 + Level 1.0 Conjurations
 + Level 2.7 Air Magic


You had 3 spell levels left.
You knew the following spells:

 Your Spells              Type           Power        Failure   Level
a - Shock                 Conj/Air       28%          10%         1

Your spell library contained the following spells:

 Spells                   Type           Power        Failure   Level
 Swiftness                Air            10%          10%         2
 Static Discharge         Conj/Air       7%           28%         3
 Airstrike                Air            5%           54%         4
 Lightning Bolt           Conj/Air       3%           95%         5


Dungeon Overview and Level Annotations

Branches:
Dungeon (1/15)

Altars:

Annotations:
D:1 1 runed translucent door


Innate Abilities, Weirdness & Mutations

You cannot wear armour.
You are incapable of wielding weapons or throwing items.
Your paws allow you to move quietly. (Stealth)
You have sharp claws.
You have razor-sharp teeth.
You have supernaturally acute eyesight. (SInv)
You cover ground quickly.
You are covered in fur. (AC +1)
Your sharp claws are effective at attacking unaware monsters.


Message History

The ball python is moderately wounded.
The ball python misses you. The ball python completely misses you.
You closely miss the ball python.
The ball python is moderately wounded.
The ball python closely misses you. The ball python misses you.
You barely miss the ball python. You bite the ball python.
You kill the ball python!
You scratch the goblin but do no damage.
The goblin hits you with a +0 dagger.
You scratch the goblin.
You kill the goblin!
Your Conjurations skill increases to level 1!
You scratch the ooze.
The ooze is lightly wounded.
The ooze closely misses you.
You completely miss the ooze.
The ooze is lightly wounded.
The ooze hits you.
Ouch! That really hurt!
You die...

#.....♣P...#
#######..PPP..#
.........#..###
#####..#...##
#.###...###
#.....#...##
#...#####..###
#####..### #.....#
....#....# #.###@#
...⌠+..#[♣.♣.♣#♣J♣
....#..###......K#
.⌠..#.## ♣.♣.♣.♣.♣
#'###.# #.......#
......# ♣.♣.♣.♣.♣
......# .........
####.....♣.♣.♣.♣.♣##
#.#####........


You could see an ooze and a kobold.

Vanquished Creatures
  2 goblins (D:1)
  A ball python (D:1)
3 creatures vanquished.

Notes
Turn   | Place    | Note
-------+----------+-------------------------------------------
     0 | D:1      | Groucho the Felid Air Elementalist began the quest for the
                  | Orb.
     0 | D:1      | Reached XP level 1. HP: 7/7 MP: 4/4
     1 | D:1      | Found a runed translucent door.
    67 | D:1      | Reached skill level 1 in Conjurations
    68 | D:1      | Slain by an ooze

Illustrated notes

Levels and vault maps discovered:
D:1:      dpeg_arrival_caged_fury, layout_rooms, serial_forest,
          infiniplex_forest_lined_room_3, infiniplex_forest_lined_3_way,
          infiniplex_forest_clump_medium, infiniplex_forest_clump_curved,
          infiniplex_forest_lined_1, infiniplex_forest_clump_double

Skill      XL: |  1 |
---------------+----+-----
Conjurations   | 1 |  1.0
Dodging        | |  2.6
Stealth        | |  2.9
Spellcasting   | |  2.0
Air Magic      | |  2.7

Action                   || total
-------------------------++-------
Melee: Unarmed           ||    12
       Bite              ||     2
 Stab: Sleeping          ||     1
Armor: Skin              ||     1
Dodge: Dodged            ||    14
